 Dungeon Crawl Stone Soup version 0.25.1-2-g60ff931df9 (webtiles) character file.

Game seed: 4485815466928034572

4595 Delamore the Basher (level 10, -13/59 HPs)
             Began as a Gargoyle Fighter on Oct 25, 2020.
             Was an Elder of Okawaru.
             Mangled by a white ugly thing (16 damage)
             ... on level 9 of the Dungeon.
             The game lasted 00:10:28 (10745 turns).

Delamore the Basher (Gargoyle Fighter)             Turns: 10745, Time: 00:10:29

Health: -13/59     AC: 18    Str: 23    XL:     10   Next: 41%
Magic:  10/10      EV: 10    Int:  9    God:    Okawaru [****..]
Gold:   600        SH: 10    Dex:  9    Spells: 9/9 levels left

rFire    + . .     SeeInvis .   P - +1 whip (venom)
rCold    + . .     Gourm    .   c - +0 kite shield
rNeg     + . .     Faith    +   C - +0 chain mail
rPois    ∞         Spirit   .   (no helmet)
rElec    +         Reflect  .   D - scarf {rC+ rF+}
rCorr    .         Harm     .   G - +0 pair of gloves
MR       .....                  n - +0 pair of boots
Stlth    ..........             m - amulet of faith
HPRegen  0.19/turn              r - +4 ring of evasion
MPRegen  0.12/turn              v - ring of stealth

@: no status effects
A: negative energy resistance 1, electricity resistance, unbreathing,
petrification resistance, rot immunity, AC +7
a: Heroism, Renounce Religion


You were on level 9 of the Dungeon.
You worshipped Okawaru.
Okawaru was greatly pleased with you.
You were not hungry.

You visited 2 branches of the dungeon, and saw 10 of its levels.
You also visited: Sewer.

You collected 600 gold pieces.

Inventory:

Hand Weapons
 a - a +0 flail
 y - a +1 mace of protection
 P - a +1 whip of venom (weapon)
Missiles
 K - 5 javelins (quivered)
 M - 2 throwing nets
Armour
 c - a +0 kite shield (worn)
 n - a +0 pair of boots (worn)
 t - a -1 buckler
 C - a +0 chain mail (worn)
 D - a scarf of resistance (worn)
 G - a +0 pair of gloves (worn)
Jewellery
 m - an amulet of faith (around neck)
 r - a +4 ring of evasion (left hand)
 v - a ring of stealth (right hand)
 H - an uncursed amulet of the acrobat {unknown}
Wands
 I - a wand of polymorph (14)
 N - a wand of enslavement (8)
Scrolls
 b - 2 scrolls of fog
 j - 2 scrolls of teleportation
 k - 6 scrolls of enchant weapon
 o - a scroll of random uselessness
 q - a scroll of enchant armour
 s - a scroll of fear
 u - 4 scrolls of remove curse
 E - a scroll of immolation
 J - a scroll of blinking {unknown}
 O - a scroll of silence {unknown}
 R - a scroll of magic mapping {unknown}
Potions
 d - 3 potions of might
 e - 6 potions of heal wounds
 g - 3 potions of haste {unknown}
 h - a potion of degeneration {unknown}
 i - 4 potions of mutation {unknown}
 l - a potion of resistance {unknown}
 p - 3 potions of brilliance {unknown}
 w - 2 potions of cancellation {unknown}
 x - a potion of flight {unknown}
 z - a potion of stabbing {unknown}
 A - 3 potions of curing {unknown}
 B - a potion of ambrosia {unknown}
 F - a potion of berserk rage {unknown}
 L - 2 potions of invisibility {unknown}
Comestibles
 f - 16 rations
 Q - 2 chunks of flesh


   Skills:
 - Level 5.0 Fighting
 + Level 13.7 Maces & Flails
 - Level 3.2 Armour
 - Level 5.0 Shields


You had 9 spell levels left.
You didn't know any spells.
Your spell library contained the following spells:

 Spells                   Type           Power        Failure   Level  Hunger
 Magic Dart               Conj           #...         100%        1    ##.....
 Blink                    Tloc           N/A          100%        2    ###....
 Call Imp                 Summ           #.......     100%        2    ###....
 Slow                     Hex            #.......     100%        2    ###....
 Conjure Flame            Conj/Fire      #.......     100%        3    ####...
 Mephitic Cloud           Conj/Pois/Air  #.......     100%        3    ####...


Dungeon Overview and Level Annotations

Branches:
Dungeon (9/15)             Temple (1/1) D:4            Lair (0/6) D:9
    Orc (0/2) D:9           Sewer (visited)

Altars:
Ashenzari
Cheibriados
Dithmenos
Elyvilon
Fedhas
Gozag
Hepliaklqana
Kikubaaqudgha
Makhleb
Nemelex Xobeh
Okawaru
Ru
Sif Muna
Trog
Uskayaw
Vehumet
Wu Jian
Xom
Yredelemnul
Zin
The Shining One

Shops:
D:4 :


Innate Abilities, Weirdness & Mutations

You are resistant to torment.
Your stone body is resilient. (AC +7)
You are immune to poison.
You resist negative energy. (rN+)
You are resistant to electric shocks. (rElec)
You can survive without breathing.
You are immune to petrification.
You are immune to rotting.


Message History

The white ugly thing is severely wounded.
The white ugly thing kicks you but does no damage.
You hit the white ugly thing.
The white ugly thing looks as sick as possible!
The white ugly thing is severely wounded.
The white ugly thing misses you.
You closely miss the white ugly thing.
The white ugly thing is severely wounded.
You hit the white ugly thing.
The white ugly thing is almost dead.
The white ugly thing kicks you. The white ugly thing freezes you! You resist.
* * * LOW HITPOINT WARNING * * *
You closely miss the white ugly thing.
The white ugly thing is almost dead.
You hit the white ugly thing but do no damage.
The white ugly thing is almost dead.
The white ugly thing kicks you!
* * * LOW HITPOINT WARNING * * *
The white ugly thing freezes you! You resist.
You die...

############...##.........
...............####.....##
..........................
######.###############...
#.# #..# #.# #..#
######.######### ####
.................
.........@.......
##########u.##### ..# ....
..... ######


You could see a white ugly thing (extremely poisoned).

Vanquished Creatures
  Grinder (D:4)
  A human (D:8)
  4 wargs
  Edmund (D:4)
  6 orc warriors
  2 sky beasts (D:7)
  2 ice beasts
  3 ogres
  5 centaurs
  A crocodile (Sewer)
  A big kobold (D:7)
  A bullfrog (D:7)
  6 scorpions
  4 howler monkeys
  3 crimson imps
  A centaur zombie (D:5)
  6 hounds
  3 jellies
  A bullfrog zombie (D:7)
  9 orc wizards
  8 orc priests
  A bullfrog skeleton (D:8)
  2 iguanas
  Terence (D:3)
  2 worker ants
  A hound skeleton (D:8)
  3 gnolls (D:8)
  11 adders
  A shadow imp (D:7)
  An ooze (D:3)
  2 adder zombies
  4 worms
  4 dart slugs
  10 leopard geckos
  42 orcs
  18 bats
  13 giant cockroaches
  3 goblins
  8 hobgoblins
  12 jackals
  2 quokkas
  A ball python (D:2)
  9 frilled lizards
  A giant cockroach zombie (D:6)
  11 kobolds
  A leopard gecko skeleton (D:5)
  8 rats
  A bush (D:1)
  2 plants (D:1)
244 creatures vanquished.

Vanquished Creatures (others)
  A kobold (D:7)
  A fungus (D:6)
2 creatures vanquished.

Grand Total: 246 creatures vanquished

Notes
Turn   | Place    | Note
-------+----------+-------------------------------------------
     0 | D:1      | Delamore the Gargoyle Fighter began the quest for the Orb.
     0 | D:1      | Reached XP level 1. HP: 14/14 MP: 1/1
   178 | D:1      | Reached XP level 2. HP: 18/19 MP: 2/2
  1151 | D:2      | Reached XP level 3. HP: 24/24 MP: 3/3
  1232 | D:2      | Found an ornate altar of the Wu Jian Council.
  1578 | D:2      | Reached XP level 4. HP: 29/29 MP: 4/4
  1744 | D:2      | Reached skill level 3 in Maces & Flails
  2060 | D:3      | Found a faded altar of an unknown god.
  2120 | D:3      | Found a sacrificial altar of Ru.
  2122 | D:3      | Found a shadowy altar of Dithmenos.
  2247 | D:3      | Reached XP level 5. HP: 29/34 MP: 5/5
  2531 | D:3      | Noticed Terence
  2543 | D:3      | Killed Terence
  3079 | D:4      | Found a staircase to the Ecumenical Temple.
  3088 | Temple   | Entered the Ecumenical Temple
  3353 | D:4      | Reached skill level 5 in Fighting
  3353 | D:4      | Reached skill level 5 in Shields
  3353 | D:4      | Reached XP level 6. HP: 18/40 MP: 6/6
  3607 | D:4      | Noticed Edmund
  3655 | D:3      | Reached skill level 4 in Maces & Flails
  3874 | D:4      | Noticed an orc warrior
  3895 | D:3      | HP: 2/40 [orc warrior/+0 mace of protection (9)]
  3896 | D:3      | Killed an orc warrior
  4208 | D:3      | Reached skill level 5 in Maces & Flails
  4326 | D:4      | Found Udweirch's Book Emporium.
  4340 | D:4      | Noticed Grinder
  4378 | D:4      | Killed Grinder
  4378 | D:4      | Reached skill level 6 in Maces & Flails
  4378 | D:4      | Reached XP level 7. HP: 9/44 MP: 7/7
  4669 | D:4      | Killed Edmund
  4811 | D:4      | Reached skill level 7 in Maces & Flails
  4948 | D:4      | Reached XP level 8. HP: 40/49 MP: 8/8
  5063 | D:4      | Found a hide-covered altar of Uskayaw.
  5063 | D:4      | Found a shimmering altar of Xom.
  5064 | D:4      | Found an iron altar of Okawaru.
  5075 | D:4      | Became a worshipper of Warmaster Okawaru
  5093 | D:4      | Found a sacrificial altar of Ru.
  5233 | D:5      | Entered Level 5 of the Dungeon
  5378 | D:5      | Found a glowing golden altar of the Shining One.
  5392 | D:5      | Reached skill level 8 in Maces & Flails
  5812 | D:5      | Reached * piety under Okawaru
  5812 | D:5      | Reached skill level 9 in Maces & Flails
  6166 | D:6      | Found a glowing drain.
  6179 | D:6      | Reached skill level 10 in Maces & Flails
  6238 | Sewer    | Entered a sewer
  6384 | Sewer    | Reached XP level 9. HP: 52/54 MP: 9/9
  6481 | D:6      | Reached ** piety under Okawaru
  7098 | D:6      | Reached skill level 11 in Maces & Flails
  7701 | D:7      | Reached *** piety under Okawaru
  7868 | D:7      | Reached skill level 12 in Maces & Flails
  8266 | D:7      | Found a basalt altar of Yredelemnul.
  8358 | D:7      | Found a white marble altar of Elyvilon.
  8560 | D:8      | Reached **** piety under Okawaru
  8566 | D:8      | Reached XP level 10. HP: 35/59 MP: 10/10
  8751 | D:8      | Found a burning altar of Makhleb.
  8751 | D:8      | Noticed an Executioner
  8755 | D:8      | Noticed an orange demon
  9005 | D:8      | Reached skill level 13 in Maces & Flails
  9374 | D:9      | Found a staircase to the Orcish Mines.
 10186 | D:9      | Found a staircase to the Lair.
 10720 | D:9      | Noticed a white ugly thing
 10745 | D:9      | Mangled by a white ugly thing

Illustrated notes

Levels and vault maps discovered:
D:1:      elethiomel_arrival_shortcut, layout_basic, serial_forest,
          infiniplex_forest_clump_cross, infiniplex_forest_clump_medium,
          infiniplex_forest_end_1, infiniplex_forest_lined_2,
          infiniplex_forest_clump_large, infiniplex_forest_lined_2,
          infiniplex_forest_clump_tiny
D:2:      layout_loops_ring, lemuel_coloured_pillars_altar, first_ration
D:3:      layout_loops_corners, chequers_temple_overflow_statue_of_worship,
          chequers_ecumenical_altar_simple, minmay_misc_feat_chi,
          chequers_big_river, chequers_hall_statues_wall_a,
          minmay_misc_feat_encased, minivault_14, uniq_terence
D:4:      cheibrodos_old_hovel, layout_basic, gammafunk_temple_overflow_claw,
          lemuel_temple_firewalk_a, serial_shops, shop,
          nicolae_ru_path_of_blood, uniq_grinder, uniq_edmund
D:5:      layout_cave_pools, tso_metal_star
D:6:      old_forge, layout_cave_pods, gup_sewer_entry_pipe,
          kennysheep_generic_room_14
D:7:      layout_cave_pools, kennysheep_ying_yang
D:8:      layout_basic, grunt_pizzeria, makhleb_altar_promises_db
D:9:      layout_long_grid, kennysheep_little_box, erik_lair_orcish_takeover,
          david_orc_3, special_room [special_room_orc]
Temple:   minmay_temple_bridge_abc

Skill      XL: |  1  2  3  4  5  6  7  8  9 10 |
---------------+-------------------------------+-----
Fighting       | 4 5 |  5.0
Shields        | 4 5 |  5.0
Maces & Flails | 3 6 7 10 12 13 | 13.7
Armour         | |  3.2

Action                   |  1- 3 |  4- 6 |  7- 9 | 10-12 || total
-------------------------+-------+-------+-------+-------++-------
Melee: Flail             |   302 |   198 |       |       ||   500
       Mace              |       |    63 |   588 |    81 ||   732
       Unarmed           |       |     5 |    10 |       ||    15
       Whip              |       |       |       |   225 ||   225
  Use: Scroll            |       |       |    10 |       ||    10
  Eat: Chunk             |     3 |     9 |    15 |     7 ||    34
Armor: Scale mail        |    50 |   105 |       |       ||   155
       Chain mail        |       |    44 |   349 |   104 ||   497
       Skin              |       |     3 |       |       ||     3
Dodge: Dodged            |    23 |   115 |   269 |    93 ||   500
Block: Kite shield       |    60 |     2 |   372 |   132 ||   566
       Buckler           |       |    39 |     7 |       ||    46
